 Dungeon Sprint DCSS version 0.19.0-9-gfd783f2 (webtiles) character file.

0 equalderp2856 the Scratcher (level 1, -1/10 HPs)
             Began as a Felid Fighter on Nov 7, 2016.
             Slain by Terence
             ... wielding a +1 hand axe of flaming
              (2 damage)
             ... in the Dungeon (Sprint VI: "Thunderdome").
             The game lasted 00:00:35 (98 turns).

equalderp2856 the Scratcher (Felid Fighter)           Turns: 98, Time: 00:00:35

Health: -1/10      AC:  1    Str: 12    XL:     1   Next: 8%
Magic:  2/2        EV: 19    Int:  9    God:
Gold:   200        SH:  0    Dex: 15    Spells: 0 memorised, 0 levels left
                                        Lives:  0   Deaths: 0

rFire  . . .     SeeInvis +       - Unarmed
rCold  . . .     Gourm    .     (armour unavailable)
rNeg   . . .     Faith    .     (shield unavailable)
rPois  .         Spirit   .     (helmet unavailable)
rElec  .         Reflect  .     (cloak unavailable)
rCorr  .         Harm     .     (gloves unavailable)
MR     .....     NoTele   +     (boots unavailable)
Stlth  ++........               (no amulet)
                                (no ring)
                                (no ring)

@: quick
A: no armour, no weapons or thrown items, stealth, claws 1, fangs 3, see
invisible, carnivore 3, speed 1, shaggy fur 1, slow metabolism 1, sharp paws
a: no special abilities


You were in the Dungeon.
You were not hungry.

You visited 1 branch You collected 200 gold pieces.

Inventory:

Wands
 j - a wand of acid (5/15)
 k - a wand of iceblast (5/15)
Scrolls
 h - 4 scrolls of blinking
 l - 3 scrolls of fog
Potions
 a - a potion of might
 c - a potion of curing
 d - 4 potions of heal wounds
 e - 4 potions of haste
 f - 2 potions of magic
 g - a potion of berserk rage
 i - 2 potions of resistance
Comestibles
 b - a meat ration


   Skills:
 + Level 3.1 Fighting
 + Level 4.0 Dodging
 + Level 4.2 Unarmed Combat


You couldn't memorise any spells.
You didn't know any spells.

Dungeon Overview and Level Annotations

Branches:
Dungeon (1/1)

Altars:
Cheibriados
Dithmenos
Fedhas
Gozag
Kikubaaqudgha
Makhleb
Okawaru
Qazlal
Ru
Sif Muna
Trog
Uskayaw
Vehumet
Xom
Yredelemnul
Zin
The Shining One
Beogh
Jiyva
Lugonu

Shops:
D *[%??*?*:[((!!!!

Annotations:
D Terence


Innate Abilities, Weirdness & Mutations

You cannot wear armour.
You are incapable of wielding weapons or throwing items.
Your paws allow you to move quietly. (Stealth)
You have sharp claws.
You have razor-sharp teeth.
You have supernaturally acute eyesight. (SInv)
You are carnivorous and can eat meat at any time.
You cover ground quickly.
You are covered in fur. (AC +1)
You have a slow metabolism.
Your sharp claws are effective at attacking unaware monsters.


Message History

Terence is heavily wounded.
Terence barely misses you.
You scratch Terence but do no damage.
Terence is heavily wounded.
Terence hits you with a hand axe of flaming.
Terence burns you.
You closely miss Terence.
Terence is heavily wounded.
Terence misses you.
You scratch Terence but do no damage.
Terence is heavily wounded.
Terence misses you.
You scratch Terence but do no damage. Your bite misses Terence.
Terence is heavily wounded.
You scratch Terence but do no damage.
Terence is heavily wounded.
Terence hits you with a hand axe of flaming.
* * * LOW HITPOINT WARNING * * *
Terence burns you.
You die...

.............###.............##
..........###...###..........⌠#
..........# #.<.# #..........⌠#
..........###...###..........⌠#
.............###.............#
##∩........8.# #.8........∩###
##∩_._......###.......__∩##
######.8.........8.######
#⌠.......@...⌠# ###......@..###
#_......._# #_........#
#_......._# #∩.......∩#
##∩.....∩## ##.....## ##⌠⌠⌠##


You could see Terence.

Vanquished Creatures
  A frilled lizard (D)
1 creature vanquished.

Notes
Turn   | Place    | Note
-------+----------+-------------------------------------------
     0 | D        | equalderp2856 the Felid Fighter began the quest for the Orb.
     0 | D        | Reached XP level 1. HP: 10/10 MP: 2/2
     4 | D        | Found an iron altar of Okawaru.
     5 | D        | Found a blossoming altar of Fedhas.
     6 | D        | Found a deep blue altar of Sif Muna.
     6 | D        | Found a hide-covered altar of Uskayaw.
     7 | D        | Found Gurory's Do-It-Yourself Clinic.
     7 | D        | Found a viscous altar of Jiyva.
     7 | D        | Found a shadowy altar of Dithmenos.
     7 | D        | Found Vueqeg's Distillery.
     7 | D        | Round 1.
     8 | D        | Found Ruadeok's Bottled Wisdom.
     8 | D        | Found Fifokhleo's Distillery.
    18 | D        | Found an opulent altar of Gozag.
    20 | D        | Found Usuf's Weapon Rack.
    21 | D        | Found a roughly hewn altar of Beogh.
    21 | D        | Found a radiant altar of Vehumet.
    21 | D        | Found an ancient bone altar of Kikubaaqudgha.
    21 | D        | Found Tyfrirho's Premium Goods.
    21 | D        | Found Lynliula's Basic Armour.
    21 | D        | Found Paumpyix's Miscellaneous Merchandise.
    34 | D        | Found a burning altar of Makhleb.
    38 | D        | Found a shimmering altar of Xom.
    41 | D        | Found Wazoamma's Identification Station.
    42 | D        | Found Vaaf's Advanced Armour.
    42 | D        | Found Plog's Jewellery.
    43 | D        | Found a basalt altar of Yredelemnul.
    43 | D        | Found a sacrificial altar of Ru.
    43 | D        | Found a stormy altar of Qazlal.
    43 | D        | Found Caur's Bee Food.
    50 | D        | Found a glowing silver altar of Zin.
    53 | D        | Found a bloodstained altar of Trog.
    57 | D        | Found Owkeagge's Magic Scroll Shop.
    58 | D        | Found a corrupted altar of Lugonu.
    58 | D        | Found a glowing golden altar of the Shining One.
    58 | D        | Found a snail-covered altar of Cheibriados.
    58 | D        | Found Liedihou's Staff Store.
    59 | D        | Found Duhes's Magic Scroll Shop.
    59 | D        | Found Rusch's Must-Have Magic.
    85 | D        | Noticed Terence
    98 | D        | Slain by Terence

Action                   || total
-------------------------++-------
Melee: Unarmed           ||    10
       Bite              ||     1
  Eat: Chunk             ||     1
Dodge: Dodged            ||     4
